 Dungeon Crawl Stone Soup version 0.28.0-43-g3370ac3207 (webtiles) character file.

Game seed: 814828104931772964

378 bnorton916 the Chiller (level 6, -1/41 HPs)
             Began as a Barachi Ice Elementalist on Mar 21, 2022.
             Killed by divine providence
             ... invoked by an orc priest
              (10 damage)
             ... on level 3 of the Dungeon.
             The game lasted 00:08:45 (4591 turns).

bnorton916 the Chiller (Barachi Ice Elementalist)   Turns: 4591, Time: 00:08:46

Health: -1/41      AC: 10    Str: 10    XL:     6   Next: 74%
Magic:  8/13       EV: 12    Int: 17    God:
Gold:   115        SH:  0    Dex: 12    Spells: 3/14 levels left

rFire   . . .      SeeInvis .   g - +1 halberd (protect)
rCold   . . .      Faith    .   (shield currently unavailable)
rNeg    . . .      Spirit   .   a - +0 robe
rPois   .          Reflect  .   j - +0 helmet
rElec   .          Harm     .   (no cloak)
rCorr   .          Rampage  .   (no gloves)
Will    .....                   (no boots)
Stlth   ++........              (no amulet)
HPRegen 0.13/turn               (no ring)
MPRegen 0.13/turn               (no ring)

@: ice-armoured, slow
A: amphibious, slowness 1, strong legs 1, +LOS
a: Hop


You were on level 3 of the Dungeon.
You visited 1 branch of the dungeon, and saw 3 of its levels.
You also visited: Sewer.

You collected 115 gold pieces.

Inventory:

Hand Weapons
 b - a +0 dagger
 g - a +1 halberd of protection (weapon)
 i - a +1 whip of draining
 n - a +2 dagger of venom
Missiles
 e - 2 curare-tipped darts
 o - 9 stones
Armour
 a - a +0 robe (worn)
 j - a +0 helmet (worn)
 s - a +0 kite shield
Magical Staves
 k - a staff of conjuration
Wands
 d - a wand of polymorph (5)
Scrolls
 c - 2 scrolls of immolation
 f - a scroll of fear
 m - a scroll of identify
Potions
 h - a potion of magic {unknown}
 l - a potion of degeneration {unknown}
 p - a potion of curing
 q - 2 potions of flight


   Skills:
 - Level 2.1 Dodging
 - Level 1.7 Stealth
 - Level 4.8 Spellcasting
 + Level 2.5 Conjurations
 - Level 7.1 Ice Magic


You had 3 spell levels left.
You knew the following spells:

 Your Spells              Type           Power      Damage    Failure   Level
a - Freeze                Ice            100%       1d11      1%          1
b - Frozen Ramparts       Ice            56%        1d7       2%          3
c - Ozocubu's Armour      Ice            28%        N/A       2%          3
d - Hailstorm             Conj/Ice       20%        3d6       21%         4

Your spell library contained the following spells:

 Spells                   Type           Power      Damage    Failure   Level


Dungeon Overview and Level Annotations

Branches:
Dungeon (3/15)              Sewer (visited)

Altars:
Gozag
Qazlal

Annotations:
D:3 Grinder


Innate Abilities, Weirdness & Mutations

You are amphibious.
You cover ground slowly.
You can hop short distances.
You have an extended range of vision and can be seen from far away.


Message History

The wall freezes Grinder but does no damage.
Grinder barely misses you.
Unknown command.
You feel much better.
The wall freezes the orc priest.
Grinder resists.
The wall freezes Grinder.
Grinder gestures at you. Pain shoots through your body!
* * * LOW HITPOINT WARNING * * *
Unknown command.
You feel much better.
Grinder completely resists.
The wall freezes Grinder but does no damage.
Grinder gestures at you.
You suddenly lose the ability to move!
The wall freezes the orc priest!
The frozen ramparts melt away.
The orc priest mumbles some strange prayers to Beogh against you.
Beogh smites you! Grinder hits you.
You can move again.
You puncture Grinder!
Your weapon exudes an aura of protection.
Grinder is almost dead.
Grinder blinks!
The orc priest mumbles some strange prayers to Beogh against you.
Beogh smites you!
Unknown command.
You are too injured to fight recklessly!
You are too injured to fight recklessly!
Unknown command.
Reach: g) +1 halberd (protect)
Press: ? - help, Dir - move target, f - orc priest
Aim: an orc priest, wielding a +0 short sword (almost dead, about 53% to evade your +1 halberd of protection)
You reach to attack!
You barely miss the orc priest.
The orc priest is almost dead.
The orc priest mumbles some strange prayers to Beogh against you.
Beogh smites you!
* * * LOW HITPOINT WARNING * * *
You barely miss the orc priest.
The orc priest is almost dead.
The orc priest invokes the aid of Beogh against you.
Beogh smites you!
You die...

#.#.###.#...#.###..####.#........
.?. #.#...#.# #.......#........
#### #.#...#.# #.#######..######
#.#...#.# #.# #รท.# #..#....###.#
#..######
#.##........#######........
.###.#####...........#.#..#
#.########.##.#... #@# #.##.....
#o# #.####... #)....# #.####..#
..5....# #........ #..###).#
######### ...# ># ###.# # #.# #..


You could see Grinder and an orc priest.

Vanquished Creatures
  2 kobold brigands (Sewer)
  Ijyb (D:3)
  An orc wizard (D:3)
  Robin (D:2)
  5 gnolls
  2 river rats
  4 adders
  3 worms
  An orc (D:3)
  3 endoplasms (D:1)
  A giant cockroach (D:3)
  12 goblins
  10 hobgoblins
  3 jackals (Sewer)
  4 quokkas
  2 ball pythons
  3 bats
  A frilled lizard (D:1)
  5 kobolds
  14 rats
78 creatures vanquished.

Notes
Turn   | Place    | Note
-------+----------+-------------------------------------------
     0 | D:1      | bnorton916 the Barachi Ice Elementalist began the quest for
                  | the Orb.
     0 | D:1      | Reached XP level 1. HP: 13/13 MP: 3/3
   168 | D:1      | Reached skill level 5 in Ice Magic
   247 | D:1      | Reached XP level 2. HP: 17/19 MP: 2/5
   728 | D:1      | Reached XP level 3. HP: 15/24 MP: 1/7
  1369 | D:2      | Found a stormy altar of Qazlal.
  1393 | D:2      | Learned a level 3 spell: Frozen Ramparts
  1397 | D:2      | Learned a level 3 spell: Ozocubu's Armour
  1976 | D:2      | Noticed Robin
  2004 | D:2      | Killed Robin
  2005 | D:2      | Reached XP level 4. HP: 20/30 MP: 0/9
  2269 | D:2      | Found a faded altar of an unknown god.
  2281 | D:2      | Reached skill level 6 in Ice Magic
  2834 | D:3      | Noticed Ijyb
  2843 | D:3      | Killed Ijyb
  2844 | D:3      | Reached XP level 5. HP: 35/35 MP: 3/10
  2904 | D:3      | Found an opulent altar of Gozag.
  3329 | D:3      | Found a glowing drain.
  3352 | Sewer    | Entered a sewer
  3474 | Sewer    | Noticed a kobold brigand
  3487 | Sewer    | Killed a kobold brigand
  3488 | Sewer    | Reached skill level 7 in Ice Magic
  3488 | Sewer    | Reached XP level 6. HP: 10/41 MP: 2/13
  3777 | Sewer    | Learned a level 4 spell: Hailstorm
  4460 | Sewer    | Found a white marble altar of Elyvilon.
  4578 | D:3      | Noticed Grinder
  4587 | D:3      | Paralysed by Grinder for 2 turns
  4591 | D:3      | Killed from afar by an orc priest

Illustrated notes

Levels and vault maps discovered:
D:1:      saegor_arrival_simple_e, layout_loops_cross
D:2:      layout_basic, ebering_ecumenical_altar_mist, basic_altar, uniq_robin
D:3:      layout_loops_cross, nicolae_gozag_cash_rules_everything_around_me,
          portal_sewer_entry_a, uniq_ijyb, uniq_grinder

Skill      XL: |  1  2  3  4  5  6 |
---------------+-------------------+-----
Ice Magic      | 5 6 7 |  7.1
Spellcasting   | 3 4 |  4.8
Conjurations   | 2 |  2.5
Dodging        | |  2.1
Stealth        | |  1.7

Action                   |  1- 3 |  4- 6 || total
-------------------------+-------+-------++-------
Melee: Unarmed           |     1 |       ||     1
       Dagger            |    13 |    12 ||    25
       Halberd           |       |    40 ||    40
 Cast: Freeze            |    40 |     3 ||    43
       Frozen Ramparts   |     3 |    15 ||    18
       Ozocubu's Armour  |       |     6 ||     6
 Abil: Hop               |     1 |       ||     1
  Use: Scroll            |     3 |     2 ||     5
       Potion            |       |     4 ||     4
 Stab: Sleeping          |     1 |     1 ||     2
Armor: Robe              |     9 |    13 ||    22
       Skin              |       |     1 ||     1
Dodge: Dodged            |    31 |    29 ||    60
